[Event "CCT Airthings Masters Play-In 2023"]
[Site "Online"]
[Date "2023.02.03"]
[Round "2"]
[White "Sanan_Sjugirov"]
[Black "Sevian, Samuel"]
[Result "0-1"]
[ECO "C71"]
[WhiteElo "2559"]
[BlackElo "2687"]
[Annotator "TA"]
[PlyCount "110"]
[EventDate "2023.02.03"]
[EventType "swiss"]
[EventCountry "NET"]
[SourceTitle "playchess.com"]
[Source "ChessBase"]
[SourceQuality "1"]
[TimeControl "600+2"]

1. e4 e5 2. Nf3 Nc6 3. Bb5 a6 4. Ba4 Nf6 5. O-O Be7 6. d3 d6 7. c4 Bg4 8. h3 Bxf3 9. Qxf3 Nd7 10. Be3 O-O {[%emt 0:00:03] [#]} 11. Qg4 $146 {[%emt 0:01:42] C71: Ruy Lopez: Deferred Steinitz Variation, sidelines.} ({Predecessor:} 11. Bxc6 bxc6 12. Nc3 Rb8 13. b3 Bg5 14. Rad1 c5 15. Bxg5 Qxg5 16. Qe3 h6 17. Nd5 Rb7 18. f4 exf4 19. Rxf4 {½-½ Naroditsky,D (2617)-Artemiev,V (2701) Speed Chess Q2 KO blitz 2022 (2.8)}) 11... Nc5 12. Bxc5 dxc5 13. Bxc6 {[%emt 0:00:02] White has an edge.} bxc6 14. Qe2 Rb8 15. Nc3 Qd4 16. Rad1 g6 17. Rfe1 Bh4 18. Rd2 (18. Qd2 {feels hotter.} Bg3 19. Rf1 Bf4 20. Qc2) 18... Bg5 19. Rc2 Rbd8 20. Rd1 h5 21. Qf3 Kg7 22. Kh1 Qd7 23. Qe2 Rfe8 24. Qe1 Re6 25. Ne2 (25. Na4 $14 Be7 26. Qa5) 25... Rf6 (25... Rd6 $5 ) 26. Ng1 Rb8 27. Qe2 Re6 28. Rc3 Bh6 29. Rb3 Rb6 30. Nf3 Kg8 (30... Rxb3 $14 {is superior.} 31. axb3 Qc8) 31. Kg1 Re8 32. Qc2 Qd6 (32... a5 $14) 33. Qc3 Bg7 34. Qa5 (34. Ra3 $16) 34... Reb8 35. Rxb6 Rxb6 36. b3 Bf8 37. Qc3 Bg7 38. g3 f5 (38... Rb8 $16 {keeps fighting.}) 39. Qe1 Rb8 40. Qe2 Rf8 41. Kg2 (41. exf5 $1 $18 Rxf5 42. Re1) 41... f4 $16 42. Nh2 Qd7 43. g4 (43. Qd2 $16) 43... f3+ $14 {[%emt 0:00:02][%mdl 64] Deflection} 44. Nxf3 {[%emt 0:00:01] Hoping for gxh5.} hxg4 45. Ng1 gxh3+ 46. Nxh3 Bh6 47. Rh1 Kg7 48. Ng1 Bg5 49. Rh3 Rf4 {[%emt 0:00:01] [#]} (49... Bf4 $14) 50. Nf3 $1 $16 Rg4+ {[%emt 0:00:02] [#]} 51. Rg3 ({White should play} 51. Kf1 $1 $16) 51... Bf4 $14 {[%emt 0:00:01][%mdl 64] Pin} 52. Rxg4 $4 (52. a3 $14) 52... Qxg4+ $19 53. Kf1 Qh3+ 54. Kg1 g5 {[%emt 0:00:02][%cal Bg6g5,Bg5g4][%mdl 32] ( -> ...g4)} 55. Qd1 g4 {[%emt 0:00:03] Quite a comeback for Black.   Weighted Error Value: White=0.41/Black=0.17 (very precise)} 0-1

[Event "CCT Airthings Masters Play-In 2023"]
[Site "Online"]
[Date "2023.02.03"]
[Round "2"]
[White "daika91"]
[Black "Dominguez Perez, Leinier"]
[Result "1/2-1/2"]
[ECO "D27"]
[WhiteElo "2557"]
[BlackElo "2743"]
[Annotator "NA"]
[PlyCount "115"]
[EventDate "2023.02.03"]
[EventType "swiss"]
[EventCountry "NET"]
[SourceTitle "playchess.com"]
[Source "ChessBase"]
[SourceQuality "1"]
[TimeControl "600+2"]

1. d4 d5 2. c4 dxc4 3. Nf3 Nf6 4. e3 e6 5. Bxc4 a6 6. O-O c5 7. Be2 cxd4 8. Nxd4 Be7 9. Nc3 O-O 10. e4 e5 11. Nb3 Be6 12. Be3 Nbd7 13. Rc1 Rc8 14. f3 Nc5 15. Qxd8 Rfxd8 16. Nxc5 Bxc5 17. Bxc5 Rxc5 18. Rfd1 Rdc8 19. a3 Kf8 20. Kf2 Ke7 21. Rd2 Nd7 22. Rcd1 Nb6 23. Rd6 R5c6 24. Rxc6 Rxc6 25. g3 Bb3 26. Rd2 Na4 27. Nxa4 Bxa4 28. f4 Rh6 29. h4 exf4 30. gxf4 Rxh4 31. Kg3 Rh6 32. e5 Rg6+ 33. Kf2 Bc6 34. Bf3 Rh6 35. Bxc6 Rxc6 36. Kf3 g6 37. Rd4 h5 38. a4 a5 39. Rd5 b6 40. Rb5 Kd7 41. b4 axb4 42. Rxb4 Rc3+ 43. Ke4 Kc6 44. f5 h4 45. fxg6 fxg6 46. e6 h3 47. e7 Kd7 48. Rxb6 h2 49. Rb1 Kxe7 50. Kf4 Ra3 51. Rh1 Rxa4+ 52. Kg5 Ra2 53. Kxg6 Ke6 54. Kg5 Ke5 55. Kg4 Ke4 56. Kg3 Kf5 57. Rxh2 Rxh2 58. Kxh2 1/2-1/2

[Event "CCT Airthings Masters Play-In 2023"]
[Site "Online"]
[Date "2023.02.03"]
[Round "2"]
[White "Murzin, Volodar"]
[Black "Sam_ChessMood"]
[Result "1/2-1/2"]
[ECO "B53"]
[WhiteElo "2547"]
[BlackElo "2606"]
[Annotator "TA"]
[PlyCount "158"]
[EventDate "2023.02.03"]
[EventType "swiss"]
[EventCountry "NET"]
[SourceTitle "playchess.com"]
[Source "ChessBase"]
[SourceQuality "1"]
[TimeControl "600+2"]

1. e4 c5 2. Nf3 d6 3. d4 cxd4 4. Qxd4 Nc6 5. Qe3 g6 6. Be2 {[%emt 0:00:05] B53: Sicilian: 2...d6: Lines with Qxd4.} Bg7 7. O-O Nf6 8. Rd1 O-O 9. Nc3 Nb4 10. Ne1 Be6 {[%emt 0:00:39] [#]} 11. a3 $146 ({Predecessor:} 11. Qg3 Rc8 12. Qh4 Qa5 13. Bd2 Nc6 14. Nd5 Qa4 15. Nc3 Qa5 16. h3 Rfe8 17. a4 {½-½ Voiculescu,C (2429)-Sadowski,M (2453) EU-ch 2019 ct02 email}) 11... Nc6 12. Nf3 Ng4 13. Qf4 Rc8 14. Qg3 (14. Ng5 {with more complications.} Nce5 15. Qg3 Bd7 16. h3) 14... Nge5 15. Nxe5 (15. Ng5 $11) 15... Nxe5 16. Be3 (16. Rb1 $11) 16... Bc4 (16... Nc4 $5 17. Rab1 Nxa3 18. bxa3 Rxc3 19. Rxb7 Rxc2 $17) 17. Bd3 Nxd3 18. cxd3 Bb3 19. Rdc1 d5 20. exd5 Bxd5 21. Bxa7 Be6 22. Qe3 {[%emt 0:00:03] Against b6} Bf5 23. d4 Re8 24. Bc5 (24. Rd1 $14) 24... b6 $11 {[%emt 0:00:09] [#] Threatens to win with ...e5.} 25. Bb4 Qxd4 26. Rd1 Qxe3 27. fxe3 e6 28. Rd2 g5 29. Nb5 {[%emt 0:00:35] [#] Nd6 would be deadly.} Rc2 30. Rxc2 Bxc2 31. Rc1 Bd3 (31... Bxb2 $2 32. Rxc2 Be5 33. Rc6 $18) 32. Nd4 Be4 33. Rc7 h5 34. Kf2 Be5 35. Rc1 h4 36. h3 Kg7 37. Bc3 Kg6 38. Nf3 Bg3+ {[%emt 0:00:29] A strong pair of Bishops.} 39. Kf1 e5 40. Rd1 Re6 {[%emt 0:00:07] Inhibits Rd6.} 41. Rd8 f6 42. Nd2 Bc6 43. Kg1 Be1 44. Nb1 Be4 45. Bxe1 {[%emt 0:00:14] aiming for Nc3.} Bxb1 {[%emt 0:00:02][%mdl 4096] Endgame KRB-KRB} 46. Kf2 Be4 47. g3 hxg3+ 48. Kxg3 Rc6 {[%emt 0:00:14] Threatening ...Rc1. The position is equal.} 49. Bc3 $1 Bf5 50. h4 gxh4+ 51. Kxh4 Be6 52. Kg3 Kf5 53. Kf3 Bc4 54. e4+ Ke6 55. Ke3 Rd6 56. Rxd6+ Kxd6 {[%emt 0:00:01] KB-KB} 57. Bb4+ Ke6 58. Be1 Ba6 59. a4 Bb7 60. Kd3 Ba6+ 61. Kc3 Kd6 62. Bf2 Bb7 63. Kd3 Ba6+ 64. Ke3 Bc8 65. Kf3 Kc6 66. Bh4 f5 67. Bf6 fxe4+ 68. Kxe4 Be6 69. Bxe5 Bb3 70. Kd4 Bxa4 71. Kc3 Bd1 72. Kb4 Bf3 73. Bc3 b5 74. Be1 Bg2 75. Bf2 Bf3 76. Ka5 Bg2 77. b4 Bf3 78. Bb6 Be4 79. Bc5 Bd5 {[%emt 0:00:01] Weighted Error Value: White=0.10 (very precise) /Black=0.07 (flawless)} 1/2-1/2

[Event "CCT Airthings Masters Play-In 2023"]
[Site "Online"]
[Date "2023.02.03"]
[Round "2"]
[White "Indianlad"]
[Black "GHANDEEVAM"]
[Result "1/2-1/2"]
[ECO "D46"]
[WhiteElo "2543"]
[BlackElo "2714"]
[Annotator "TA"]
[PlyCount "103"]
[EventDate "2023.02.03"]
[EventType "swiss"]
[EventCountry "NET"]
[SourceTitle "playchess.com"]
[Source "ChessBase"]
[SourceQuality "1"]
[TimeControl "600+2"]

1. d4 d5 2. Nf3 Nf6 3. c4 e6 4. Nc3 c6 5. e3 Nbd7 6. Be2 Bd6 7. O-O O-O 8. Qc2 dxc4 9. a4 a6 10. Bxc4 c5 11. Rd1 Qc7 $1 {[%emt 0:00:02][%mdl 4] is now more promising than 11...cxd4. D46: Semi-Slav: 5 e3 Nbd7 6 Bd3, Black avoids the Meran.} 12. Bd3 cxd4 13. exd4 b6 14. Qe2 Bb7 15. h3 {[%emt 0:00:00] [#]} Qc6 $146 ({Predecessor:} 15... Bf4 16. Be3 Bxe3 17. fxe3 e5 18. Rac1 exd4 19. exd4 Rfe8 20. Qf2 Qd6 21. Bc4 Rac8 {1-0 Gavrilov,A (2456)-Yagupov,I (2405) Olomouc GM 19th 2016 (3)}) 16. Be3 Bc7 17. Rac1 Qd6 18. Bg5 h6 {[%emt 0:01:58] [#] ...Bxf3 would be deadly.} (18... Rfc8 {simplifies} 19. Bxf6 Nxf6 20. Ne4 Nxe4 21. Bxe4 Bxe4 22. Qxe4 Qd5) 19. Bxf6 Bxf3 (19... gxf6 $2 20. Ne4 Bxe4 21. Bxe4 $18 (21. Qxe4 f5 $16)) 20. Qxf3 {[%emt 0:00:02] Threatens to win with Bh4.} Qh2+ ({But not} 20... gxf6 21. g3 (21. Qe4 Qh2+ 22. Kf1 f5 $11) 21... f5 22. Qe2 $16) 21. Kf1 Nxf6 22. Ne4 Nd5 23. Ng3 Bf4 (23... Bd6 $5 ) 24. Rb1 {[%emt 0:00:43] White is weak on the dark squares} ({White should play} 24. Ke2 $11 Bxc1 25. Rxc1) 24... f5 (24... Bg5 $15) 25. Ke2 Bxg3 26. fxg3 {[%emt 0:00:01][%cal Bf2g3,Bg3g4,Bg4g5][%mdl 32] aiming for Rh1.} f4 $1 27. g4 Rad8 28. Be4 Nf6 {[%emt 0:00:12] And now ...Nxe4 would win.} ({Don't play} 28... Ne3 29. Rh1 Qxg2+ 30. Qxg2 $16) 29. Bc6 Rd6 30. Rbc1 Rfd8 31. Qf2 (31. Rh1 $5 Qg3 $8 32. Qxg3 fxg3 33. Rhd1 $11) 31... h5 32. g5 {[%emt 0:00:15] [#]} Rxc6 $1 {[%emt 0:00:02][%mdl 64] Remove Defender} 33. gxf6 (33. Rxc6 Ne4) 33... Rdc8 34. Rxc6 Rxc6 35. fxg7 Kxg7 $11 {[%emt 0:00:16][%mdl 4096] Endgame KQR-KQR} (35... Rc7 $11) 36. d5 (36. Kd3 $14) 36... Rc2+ {[%emt 0:00:08] The position is equal.} 37. Rd2 Rxd2+ 38. Kxd2 exd5 {[%emt 0:00:00] KQ-KQ} 39. Qd4+ (39. Qxb6 $2 Qxg2+ 40. Ke1 Qg3+ 41. Kd2 Qh2+ 42. Ke1 Qg3+ 43. Ke2 f3+ 44. Kd3 Qxh3 $17) 39... Kg6 40. Qxd5 Qg3 41. Qe6+ Kh7 42. Qf7+ Kh6 43. Qf8+ Kh7 44. Qe7+ Kh6 45. Qd6+ Kg5 46. Qe7+ Kf5 47. Qd7+ Ke5 48. Qe7+ Kd5 49. Qd7+ Kc4 50. Qe6+ Kc5 51. Qe7+ Kd5 52. Qd7+ {[%emt 0:00:01] A balanced but interesting game.   Weighted Error Value: White=0.08 (flawless) /Black=0.08 (flawless)} 1/2-1/2

[Event "CCT Airthings Masters Play-In 2023"]
[Site "Online"]
[Date "2023.02.03"]
[Round "2"]
[White "vugarrasulov"]
[Black "FabianoCaruana"]
[Result "0-1"]
[ECO "B22"]
[WhiteElo "2538"]
[BlackElo "2702"]
[Annotator "TA"]
[PlyCount "98"]
[EventDate "2023.02.03"]
[EventType "swiss"]
[EventCountry "NET"]
[SourceTitle "playchess.com"]
[Source "ChessBase"]
[SourceQuality "1"]
[TimeControl "600+2"]

1. e4 c5 2. Nf3 Nc6 3. c3 Nf6 4. e5 Nd5 5. d4 cxd4 6. cxd4 d6 7. Bc4 dxe5 8. dxe5 Ndb4 9. O-O {[%emt 0:00:17] aiming for Qe2. is now debated instead of 9.Qb3. B22: Sicilian: 2 c3.} Qxd1 10. Rxd1 Bg4 (10... Nc2 11. Na3 Nxa3 12. bxa3 $16) 11. e6 {[%emt 0:00:50] The position is equal.} fxe6 12. Nc3 {[%emt 0:00:12][%cal Bb1c3,Bc3e4,Be4c5][%mdl 32] [#]} a6 $146 ({Predecessor:} 12... Rc8 13. h3 Bxf3 14. gxf3 Kf7 15. Ne4 h6 16. Nc5 Nd4 17. Rxd4 Rxc5 18. Rf4+ Ke8 19. Bxe6 {1-0 Vajda,L (2534)-Ioannidis,E (2459) Titled Tuesday intern op 24th May Early blitz 2022 (2)}) 13. a3 Nc2 14. Ra2 g6 15. Ne4 b5 16. Be2 Bg7 17. Nc5 {[%emt 0:00:20] b3 would be deadly.} Rc8 18. b4 Bxf3 19. Bxf3 N2d4 20. Bg4 $132 {[%emt 0:00:17][%mdl 2048] White is not holding back} Kf7 21. Rad2 (21. Bb2 {looks sharper.} h5 22. Bh3 Rhd8 23. Kf1) 21... Nf5 22. Nxa6 Ne5 23. Be2 (23. Bxf5 $5 exf5 24. Nc5 $11) 23... Bh6 24. Bb2 Bxd2 25. Bxe5 {[%emt 0:00:37] This pair of bishops is nice.} Rhd8 {[%emt 0:00:03] Threatens to win with ...Bc1.} 26. Bxb5 $2 (26. g4 $17 Nh4 27. Bg3 (27. Bxb5 $2 Nf3+ 28. Kg2 Nxe5 $19)) 26... Rd5 $2 (26... Bf4 $19 {and Black stays clearly on top.} 27. Rf1 (27. Rxd8 {leads to mate.} Rc1+ 28. Bf1 Ne3) 27... Bxe5) 27. Nc5 $17 Rxe5 28. Rxd2 Re1+ 29. Bf1 Ra1 $1 30. a4 (30. g3 $17) 30... Rb1 $19 31. Nd3 Rc3 32. g3 Ra3 $1 {[%emt 0:00:01][%cal Oa3a1] And now ...Raa1! would win.} 33. Kg2 Rxa4 34. Be2 Kf6 35. h4 Nd6 36. Bg4 h5 37. Bxe6 {[%emt 0:00:03] [#]} Raa1 $1 ({Weaker is} 37... Kxe6 38. Nc5+ Kf5 39. Rd5+ e5 40. Nxa4 Rxb4 41. Nc3 $11) 38. Bd5 (38. Nf4 $17) 38... e5 (38... Rd1 $19 39. Rxd1 Rxd1) 39. Nc5 {[%emt 0:00:03] [#]} (39. Kf3 $17) 39... Rg1+ ({Stronger than} 39... Rxb4 40. Bc6 Rd4 41. Re2 $17) (39... Rd1 $1 $19 40. Rxd1 Rxd1) 40. Kh2 (40. Kf3 $17) 40... Rgd1 41. Rxd1 Rxd1 {[%emt 0:00:00][%mdl 4096] Endgame KRN-KBN} 42. Bb3 (42. Ne4+ {was worth a try.} Nxe4 43. Bxe4) 42... Rd2 43. Kg2 (43. Kg1 {is the only way for White.}) 43... e4 {[%emt 0:00:02] ...e3 is the strong threat.} 44. Kf1 Rb2 45. Ke1 (45. Kg1 $142) 45... Ke5 46. Bg8 (46. Kf1 $142) 46... Rxb4 {[%emt 0:00:10] Black is clearly winning.} 47. Bh7 Kf6 48. Bg8 Rb5 49. Nd7+ Ke7 {[%emt 0:00:01][%mdl 64] Trapped Piece.   Weighted Error Value: White=0.54/Black=0.30} 0-1

[Event "CCT Airthings Masters Play-In 2023"]
[Site "Online"]
[Date "2023.02.03"]
[Round "2"]
[White "KantorGergely"]
[Black "Lazavik, Denis"]
[Result "0-1"]
[ECO "E11"]
[WhiteElo "2535"]
[BlackElo "2541"]
[Annotator "TA"]
[PlyCount "98"]
[EventDate "2023.02.03"]
[EventType "swiss"]
[EventCountry "NET"]
[SourceTitle "playchess.com"]
[Source "ChessBase"]
[SourceQuality "1"]
[TimeControl "600+2"]

1. d4 Nf6 2. c4 e6 3. Nf3 d5 4. g3 Bb4+ 5. Bd2 a5 6. Bg2 O-O 7. Qc2 c5 {[%emt 0:00:01] E11: Bogo-Indian.} 8. O-O cxd4 9. Nxd4 Nc6 {[%emt 0:00:02] The position is equal.} 10. Nxc6 bxc6 {[%emt 0:00:00] [#]} 11. Nc3 $146 ({Predecessor:} 11. a3 Bxd2 12. Nxd2 Ba6 13. Rfc1 Qb6 14. e3 Rab8 15. Rab1 h5 16. b4 axb4 17. axb4 {1-0 Harshavardhan,G (2367)-Zia,T (2307) Titled Tuesday intern op 03rd May Early blitz 2022 (7)}) 11... Ba6 12. b3 Qe7 13. a3 Bxa3 $15 14. Na4 Bb4 15. Nb6 (15. Bc3 $15) 15... Rab8 $17 16. Bxb4 {[%emt 0:00:05][%mdl 64] Remove Defender} Qxb4 17. c5 {[%emt 0:00:01] [#]} Bb5 {[%emt 0:00:17] Dodges Ra4} 18. Ra2 d4 19. Rfa1 Rbd8 20. Rxa5 d3 21. exd3 Bxd3 22. Qb2 Bb5 {[%emt 0:00:05] And now ...Rd2 would win.} 23. R5a2 Qxc5 24. Na4 Qb4 {[%emt 0:00:11] Black has more active pieces.} 25. Qc3 {[%emt 0:00:00] Against Rd3} Qg4 {[%emt 0:00:09] [#] White must now prevent ...Rd1+.} 26. h3 Qf5 27. Nc5 h5 28. b4 (28. h4 $142) 28... Rd6 (28... h4 $17 29. Ra7 Qg5) 29. Ra8 Rxa8 30. Rxa8+ Kh7 {[%emt 0:00:01] ( -> ...Rd1+)} 31. Ra1 {[%emt 0:00:07] Wards off Rd1+} g6 {[%emt 0:00:26] Black continues to play with concentration.} 32. Bf3 e5 33. Re1 Rd4 (33... Qxh3 $2 34. Qxe5 Qf5 35. Qxd6 $18) 34. Qe3 (34. Bg2 $17 {keeps fighting.}) 34... Rxb4 $19 ({Resist} 34... Qxh3 35. Qxe5 $16) 35. Bg2 Rb1 36. Rxb1 (36. Kh2 {was called for.}) 36... Qxb1+ 37. Kh2 Qf5 38. Nb7 Qe6 {[%emt 0:00:11] Wards off Nd6} ({And not} 38... Nd5 39. Bxd5 cxd5 40. Nd6 $17) 39. Nd8 $2 (39. Qc3) 39... Qd7 40. Qb6 e4 41. Nb7 Nd5 42. Qa7 Qe7 43. Qb8 e3 44. fxe3 Nxe3 45. Nd6 Nxg2 46. Kxg2 Qe2+ 47. Kg1 Qf1+ 48. Kh2 Qf2+ 49. Kh1 Be2 {[%emt 0:00:01] Weighted Error Value: White=0.44/Black=0.07 (flawless)} 0-1

[Event "CCT Airthings Masters Play-In 2023"]
[Site "Online"]
[Date "2023.02.03"]
[Round "2"]
[White "promen"]
[Black "Vidit, Santosh Gujrathi"]
[Result "1/2-1/2"]
[ECO "D02"]
[WhiteElo "2526"]
[BlackElo "2730"]
[Annotator "TA"]
[PlyCount "175"]
[EventDate "2023.02.03"]
[EventType "swiss"]
[EventCountry "NET"]
[SourceTitle "playchess.com"]
[Source "ChessBase"]
[SourceQuality "1"]
[TimeControl "600+2"]

1. Nf3 d5 2. g3 g6 3. Bg2 Bg7 4. d4 Nf6 5. O-O O-O 6. c3 c6 7. a4 {[%emt 0:00:05] D02: 1 d4 d5 2 Nf3 sidelines, including 2...Nf6 3 g3 and 2...Nf6 3 Bf4.} a5 8. Nbd2 Re8 9. Re1 Bf5 10. Nh4 {[%emt 0:00:04] [#]} Bg4 $146 ({Predecessor:} 10... Be6 11. e4 dxe4 12. Nxe4 Nxe4 13. Bxe4 Bd5 14. Bxd5 Qxd5 15. Ng2 Nd7 16. Ne3 Qd6 17. Nc4 Qd5 18. Ne3 Qd6 19. Nc4 Qd5 20. Ne3 Qd6 21. Nc4 {½-½ Gabrielian,A (2576)-Panarin,M (2558) RUS-chT2 Sochi 2015 (5.5)}) 11. h3 Be6 12. Nhf3 h6 {[%emt 0:00:14] Wards off Ng5} (12... Qc8 $5 ) 13. Ne5 Nbd7 14. Nd3 Bf5 15. g4 Bxd3 16. exd3 e5 17. dxe5 Nxe5 18. Nb3 Ned7 19. Be3 Qc7 20. Qd2 Kh7 21. Re2 Re7 22. Rae1 Rae8 23. Bd4 Rxe2 24. Rxe2 Rxe2 25. Qxe2 Bf8 26. Qf3 Bg7 27. Be3 Bf8 28. Bd4 Be7 29. h4 {[%emt 0:00:48] Strongly threatening g5.} Kg8 ({Don't take} 29... Ne5 30. Qf4 Nfd7 31. Qg3 $16) 30. Bh3 Nh7 31. Qg3 (31. Qe3 {is interesting.} Bf8 32. Qe8 g5 33. Nd2) 31... Qd8 (31... Bd6 {seems wilder.} 32. Qe3 g5 33. Qe8+ Nhf8) 32. h5 Ng5 33. hxg6 fxg6 34. Bg2 Ne6 35. Qe3 Nxd4 36. Nxd4 Bg5 37. f4 Qe7 38. Qxe7 Bxe7 $11 {[%emt 0:00:00][%mdl 4096] Endgame KBN-KBN} 39. Ne6 (39. Nb3 $1 $11) 39... Kf7 $19 40. f5 Ne5 41. Nf4 gxf5 ({Weaker is} 41... Nxg4 42. fxg6+ Kg7 43. Bh3 $15) (41... g5 $19 42. d4 Nxg4) 42. gxf5 $17 Bg5 43. d4 Nc4 (43... Bxf4 $142 44. dxe5 Bxe5) 44. Nd3 Kf6 45. Bh3 Bh4 (45... h5 $17) 46. Kg2 Ne3+ 47. Kf3 Nxf5 48. Nc5 Nd6 49. Nd7+ Ke7 50. Ne5 {[%emt 0:00:01] aiming for Ng6+.} Bg5 51. Nd3 Nc4 52. Bc8 {[%emt 0:00:02] [#]} (52. Bg2 $142) 52... b6 (52... b5 $142 $1 53. axb5 cxb5) 53. Bf5 {[%emt 0:00:04] [#]} (53. Ke2 $142) 53... Kd6 ({Black should play} 53... b5 $1 54. axb5 cxb5) 54. Ke2 c5 55. b3 (55. dxc5+ $15 bxc5 56. b4) 55... Ne3 56. dxc5+ bxc5 57. Bg6 c4 58. bxc4 Nxc4 59. Be8 (59. Kd1 $17) 59... Bf6 60. Nf4 Bxc3 ({Black should try} 60... Be5 $19 61. Ng2 Bxc3) 61. Bf7 $2 (61. Kd3 $1 $15 Ke5 62. Nxd5 (62. Ng6+ Kf6 $15)) 61... Nb6 $19 62. Be8 Be5 63. Nd3 Bf6 64. Kf3 Nc4 65. Kf4 Bg5+ 66. Kf5 Ne3+ 67. Kg6 d4 (67... Nd1 $19 68. Kh5 Nc3) 68. Bb5 (68. Bf7 $17) 68... Kd5 69. Kh5 Ke4 70. Nc5+ Kd5 $2 (70... Kf3 $19 {...Ng2 would be deadly.} 71. Ba6 Kg3) 71. Nb7 $2 (71. Nd3 $11) 71... Nc4 72. Bxc4+ Kxc4 73. Nxa5+ {[%emt 0:00:00] KB-KN} Kc3 74. Nb7 Kb4 75. Nd6 d3 $2 (75... Kxa4 $19 76. Ne4 Kb3) 76. Ne4 $11 {[%emt 0:00:03] The position is equal.} Ka5 77. Kg4 Be7 78. Kf3 Kxa4 {[%emt 0:00:01] Threatens to win with ...Kb3.} 79. Ke3 Kb3 80. Kxd3 h5 81. Ke2 h4 82. Kf3 Kc4 83. Nf2 Kd5 84. Nh3 Ke6 85. Kg2 Kf5 86. Ng1 Bf6 87. Nf3 Kg4 88. Nxh4 {[%emt 0:00:01] Whites escaped into a draw.   Weighted Error Value: White=0.18 (very precise) /Black=0.17 (very precise)} 1/2-1/2

[Event "CCT Airthings Masters Play-In 2023"]
[Site "Online"]
[Date "2023.02.03"]
[Round "2"]
[White "BogdanDeac"]
[Black "Duhless"]
[Result "1/2-1/2"]
[ECO "B24"]
[WhiteElo "2522"]
[BlackElo "2655"]
[Annotator "TA"]
[PlyCount "46"]
[EventDate "2023.02.03"]
[EventType "swiss"]
[EventCountry "NET"]
[SourceTitle "playchess.com"]
[Source "ChessBase"]
[SourceQuality "1"]
[TimeControl "600+2"]

1. e4 c5 2. Nf3 e6 3. g3 d5 4. Nc3 Nf6 5. exd5 exd5 6. d4 Nc6 7. Bg2 cxd4 8. Nxd4 Bg4 9. Qd3 Bc5 {[%emt 0:00:05] B24: Closed Sicilian: 3 g3 sidelines.} 10. Be3 {[%emt 0:00:10] [#] And now Nxc6 would win. Active counter play!} Bxd4 11. Bxd4 Qe7+ 12. Kf1 {[%emt 0:00:14] Black must now prevent Re1.} Nxd4 13. Qxd4 {[%emt 0:00:06][%cal Oa1e1] aiming for Re1!} O-O 14. Re1 (14. Bxd5 Rfd8 15. Qa4 Rxd5 16. Nxd5 Bh3+ 17. Kg1 Nxd5 $19) 14... Be6 {[%emt 0:00:03] [#]} 15. Ne2 $146 (15. Bxd5 $2 Nxd5 16. Kg2 Nxc3 17. bxc3 Rfd8 $19) ({Predecessor:} 15. h4 Rac8 16. Qxa7 Qb4 17. Ne2 Rxc2 18. Qd4 Qxd4 19. Nxd4 Rxb2 20. Nxe6 fxe6 21. Rxe6 Ne4 22. Bxe4 Rfxf2+ 23. Ke1 Rbe2+ 24. Kd1 dxe4 25. Re1 Rxa2 {0-1 Seo,J (2469)-Vokhidov,S (2521) Titled Tuesday intern op 28th Sept blitz 2021 (9)}) 15... Qd7 16. Nf4 Bf5 17. Nxd5 {[%emt 0:00:28] The position is equal.} (17. Bxd5 Bxc2 18. f3 Nxd5 19. Qxd5 Qxd5 20. Nxd5 Rfd8 $17) 17... Nxd5 18. Qxd5 (18. Bxd5 $2 {loses.} Bh3+ 19. Ke2 (19. Kg1 $2 Rfe8 $19) 19... Rae8+ 20. Kd2 Bg2 21. Rxe8 Rxe8 $19) 18... Rad8 19. Qxd7 ({Much weaker is} 19. Qxb7 Qd2 20. Qb5 Qxc2 $15) 19... Rxd7 20. Be4 Bh3+ 21. Bg2 Bf5 22. Be4 Bh3+ 23. Bg2 Bf5 {[%emt 0:00:05] An uneventful encounter.   Weighted Error Value: White=0.07 (flawless) /Black=0.05 (flawless)} 1/2-1/2